 Dungeon Crawl Stone Soup version 0.30.1-11-g7821555f0a (webtiles) character file.

Game seed: 6427070304686039188

58704 groovy9 the Bludgeoner (level 14, -5/133 HPs)
             Began as a Minotaur Fighter on Jan 11, 2024.
             Was the Champion of Okawaru.
             Killed from afar by Frances (44 damage)
             ... with an iron shot
             ... on level 1 of the Shoals.
             The game lasted 01:04:15 (17864 turns).

groovy9 the Bludgeoner (Minotaur Fighter)          Turns: 17864, Time: 01:04:16

Health: -5/133     AC: 28    Str: 31    XL:     14   Next: 50%
Magic:  17/17      EV: 13    Int:  4    God:    Okawaru [******]
Gold:   1198       SH:  0    Dex: 17    Spells: 13/13 levels left

rFire   . . .        b - +3 great mace (protect)
rCold   . . .        (shield currently unavailable)
rNeg    . . .        H - +6 plate armour
rPois   .            (helmet restricted)
rElec   .            D - +0 cloak
rCorr   .            l - +2 pair of gloves {Dex+3}
SInv    .            n - +0 pair of boots
Will    +....        o - amulet of the acrobat Stlth
                     a - +6 ring of strength
HPRegen 0.42/turn    I - +5 ring of evasion
MPRegen 0.15/turn

%: acrobat
@: mighty, spiked, corroded, under a protective aura
A: horns 2, retaliatory headbutt, agile 1, low MP 1, sense surroundings 1
a: Renounce Religion, Heroism, Finesse, Duel


You were on level 1 of the Shoals.
You worshipped Okawaru.
Okawaru was exalted by your worship.
You visited 5 branches of the dungeon, and saw 20 of its levels.

You collected 1595 gold pieces.
You spent 397 gold pieces at shops.

Inventory:

Hand Weapons
 b - a +3 great mace of protection (weapon)
Armour
 l - a +2 pair of gloves of dexterity (worn)
 n - a +0 pair of boots (worn)
 D - a +0 cloak (worn)
 H - a +6 plate armour (worn)
Jewellery
 a - a +6 ring of strength (left hand)
 i - a ring of flight
 o - an amulet of the acrobat (around neck)
 G - a ring of see invisible
 I - a +5 ring of evasion (right hand)
Wands
 u - a wand of flame (37)
 x - a wand of quicksilver (5)
 z - a wand of digging (7)
 F - a wand of polymorph (14)
 J - a wand of paralysis (5)
Scrolls
 c - 2 scrolls of silence
 e - 3 scrolls of noise
 f - 8 scrolls of identify
 j - 5 scrolls of teleportation
 k - 5 scrolls of vulnerability
 m - 2 scrolls of fog
 q - a scroll of torment
 r - 2 scrolls of poison
 s - 3 scrolls of blinking
 t - 3 scrolls of magic mapping
 w - a scroll of fear
 B - a scroll of immolation
Potions
 d - 2 potions of might
 g - 3 potions of heal wounds
 h - 2 potions of ambrosia
 p - 2 potions of invisibility
 v - 2 potions of lignification
 A - 2 potions of cancellation
 C - 3 potions of brilliance
 E - a potion of magic
 L - a potion of haste
Miscellaneous
 y - a lightning rod (4/4)
 K - a piece from Xom's chessboard (15/15)


   Skills:
 + Level 14.8 Fighting
 - Level 20.1 Maces & Flails
 + Level 13.8 Armour
 - Level 3.8 Shields
 * Level 8.8 Invocations
 * Level 4.6 Evocations


You had 13 spell levels left.
You didn't know any spells.
Your spell library contained the following spells:

 Spells                   Type           Power      Damage    Failure   Level
 Portal Projectile        Hex/Tloc       0%         N/A       100%        3
 Leda's Liquefaction      Hex/Erth       0%         N/A       100%        4
 Call Canine Familiar     Summ           Unusable   N/A       N/A         3

Dungeon Overview and Level Annotations

Branches:
Dungeon (11/15)            Temple (1/1) D:6            Lair (5/5) D:10
 Shoals (1/4) Lair:3        Snake (0/4) Lair:2        Slime (0/5) Lair:5
    Orc (2/2) D:11            Elf (0/3) Orc:2

Altars:
Ashenzari
Cheibriados
Dithmenos
Elyvilon
Fedhas
Gozag
Hepliaklqana
Kikubaaqudgha
Makhleb
Nemelex Xobeh
Okawaru
Qazlal
Ru
Sif Muna
Trog
Uskayaw
Vehumet
Wu Jian
Xom
Yredelemnul
Zin
The Shining One

Shops:
D:3 !   D:8 :   D:9 :   Orc:1 *   Orc:2 (=!(

Annotations:
Shoals:1 Frances


Innate Abilities, Weirdness & Mutations

You have a pair of horns on your head.
You reflexively headbutt those who attack you in melee.
You are agile. (Dex +4, Str/Int -1)
Your magical capacity is low. (-10% MP)
You passively map a small area around you.


Message History

The ufetubus closely misses you. Frances hits you but does no damage.
The ufetubus hits you but does no damage.
The ufetubus barely misses you.
The ynoxinul hits you but does no damage.
Frances hits you but does no damage. The soul eater closely misses you.
The red devil completely misses you. The ufetubus closely misses you.
You furiously retaliate!
You headbutt the ufetubus!!
You kill the ufetubus!
The ufetubus disappears in a puff of smoke!
The ufetubus hits you but does no damage.
The ufetubus splashes around in the water.
You hit Frances but do no damage.
Frances is moderately wounded.
Frances hits you but does no damage.
The ynoxinul hits you but does no damage.
The ufetubus splashes around in the water.
The ufetubus hits you but does no damage.
The soul eater hits you but does no damage.
The red devil hits you but does no damage.
You sock Frances!
Frances is heavily wounded.
Frances misses you. The ufetubus closely misses you.
The ufetubus barely misses you.
The ynoxinul hits you but does no damage.
You closely miss Frances. You headbutt Frances!
Frances is heavily wounded.
The red devil hits you but does no damage.
The soul eater hits you but does no damage.
Frances chants phrases taken from a devil's mouth.
The iron shot hits you!!!
* * * LOW HITPOINT WARNING * * *
The ufetubus misses you. You furiously retaliate!
You headbutt the ufetubus!
You kill the ufetubus!
The ufetubus disappears in a puff of smoke!
You thump Frances! Your headbutt misses Frances.
Frances is severely wounded.
The ynoxinul closely misses you.
Frances whispers indecipherable words.
The iron shot hits you!!!
You die...

...~~..~~~~≈.~≈≈...... ~
.......~~~~~~≈≈≈......~~
~
........~~.~≈≈≈≈~.......
#.....~~~~.~≈≈≈≈≈~..~~..
#.....~~~..~~~~≈≈≈.....~
~~
............~...≈≈~~~..~
....~.......~..~≈≈≈≈...~
....)<..#.....~~≈34≈..~~,
~
~~~.......~.##..@§≈~~~~~~
~~~~.~†.....####3@.~~..~
~~
≈≈~~........####..~≈~..~
≈≈~~..††.........≈≈≈~..~
≈≈≈~....†.......~~.~~.~~
≈≈≈~.................~≈≈
≈≈≈~~~.............~≈≈≈≈~
≈≈~~~~........###..≈≈≈≈≈
≈≈~..~........# ,


You could see Frances (fast), a soul eater (summoned), a ynoxinul (summoned) and
a red devil (summoned).

Vanquished Creatures
  Gastronok (Lair:2)
  An orc warlord (Orc:2)
  An ogre mage (Orc:2)
  Erolcha (Orc:2)
  3 two-headed ogres
  Erica (Lair:2)
  4 boulder beetles
  5 death yaks (Lair:5)
  Nergalle (Lair:2)
  2 skysharks (Shoals:1)
  A sea snake (Shoals:1)
  Pikel (D:6)
  4 harpies (Lair:3)
  An orc knight (D:11)
  2 ugly things
  2 cyclopes
  A manticore (D:11)
  8 orc sorcerers (Orc:2)
  5 elephants (Lair:2)
  4 black mambas
  A gargoyle (D:11)
  6 cane toads
  4 rime drakes
  2 kobold demonologists (D:11)
  9 komodo dragons
  3 trolls
  4 polar bears (Lair:5)
  15 blink frogs
  7 hornets
  7 dream sheep
  12 spriggans (Lair:5)
  2 shadows
  8 wyverns
  A water elemental (Shoals:1)
  23 yaks
  4 humans (Shoals:1)
  5 basilisks
  Eustachio (D:6)
  3 hogs (Shoals:1)
  A steam dragon (D:9)
  3 vampire mosquitoes (D:11)
  18 water moccasins
  An acid dragon (D:10)
  13 orc warriors
  Duvessa (D:5)
  8 ice beasts
  7 black bears
  3 sky beasts
  4 ogres
  5 boggarts (Lair:5)
  40 wolves
  A lemure (D:6)
  A centaur (D:10)
  3 phantoms
  13 bullfrogs
  4 kobold brigands
  A gnoll sergeant (D:6)
  2 scorpions
  Dowan (D:5)
  9 wights
  6 killer bees (D:10)
  4 howler monkeys
  An electric eel (Lair:4)
  2 hounds
  2 jellies (D:5)
  8 orc priests
  A sleepcap (D:7)
  4 iguanas
  Natasha (twice) (D:2)
  32 orc wizards
  5 gnolls (D:6)
  6 adders
  A shadow imp (D:6)
  A white imp (D:7)
  5 ufetubi
  3 worms
  A dart slug (D:5)
  74 orcs
  6 ball pythons
  4 endoplasms
  5 giant cockroaches
  14 goblins
  6 hobgoblins
  2 jackals (D:1)
  A quokka (D:1)
  5 bats
  3 frilled lizards
  10 kobolds
  6 rats
525 creatures vanquished.

Vanquished Creatures (others)
  Kirke (Shoals:1)
  An orc wizard (Orc:2)
2 creatures vanquished.

Grand Total: 527 creatures vanquished

Notes
Turn   | Place    | Note
-------+----------+-------------------------------------------
     0 | D:1      | groovy9 the Minotaur Fighter began the quest for the Orb.
     0 | D:1      | Reached XP level 1. HP: 19/19 MP: 0/0
   309 | D:1      | Reached XP level 2. HP: 27/27 MP: 1/1
   622 | D:1      | Reached XP level 3. HP: 29/33 MP: 2/2
   822 | D:2      | Reached skill level 3 in Maces & Flails
   910 | D:2      | Identified the +2 hand axe of the Scroll {pain, Str+4}
  1115 | D:2      | Found a glowing golden altar of the Shining One.
  1326 | D:2      | Noticed Natasha
  1338 | D:2      | Killed Natasha
  1339 | D:2      | Reached XP level 4. HP: 39/40 MP: 3/3
  1686 | D:2      | Noticed Natasha
  1692 | D:2      | Killed Natasha
  1693 | D:2      | Reached skill level 4 in Maces & Flails
  1841 | D:3      | Found Piov's Distillery.
  1854 | D:3      | Bought a potion of heal wounds for 60 gold pieces
  2700 | D:4      | Reached XP level 5. HP: 47/47 MP: 4/4
  2735 | D:4      | Found a glowing silver altar of Zin.
  2735 | D:4      | Found a burning altar of Makhleb.
  2735 | D:4      | Noticed a phantom
  2736 | D:4      | Noticed a green death
  2736 | D:4      | Noticed an angel
  2742 | D:4      | Killed a phantom
  2743 | D:4      | Reached skill level 5 in Maces & Flails
  2743 | D:4      | Reached skill level 5 in Armour
  2861 | D:4      | Noticed a black bear
  2873 | D:4      | Reached skill level 6 in Maces & Flails
  2873 | D:4      | Reached XP level 6. HP: 47/53 MP: 5/5
  3520 | D:5      | Entered Level 5 of the Dungeon
  3529 | D:5      | Found an iron altar of Okawaru.
  3532 | D:5      | Noticed a water moccasin
  3541 | D:5      | Reached skill level 7 in Maces & Flails
  3546 | D:5      | Reached skill level 5 in Fighting
  3546 | D:5      | Reached XP level 7. HP: 46/61 MP: 6/6
  3554 | D:5      | Reached skill level 8 in Maces & Flails
  3687 | D:5      | Noticed Dowan
  3688 | D:5      | Noticed Duvessa
  3702 | D:5      | Killed Duvessa
  3703 | D:5      | Killed Dowan
  3842 | D:5      | Found a hide-covered altar of Uskayaw.
  3886 | D:5      | Reached skill level 9 in Maces & Flails
  3970 | D:5      | Reached XP level 8. HP: 45/69 MP: 7/7
  4152 | D:5      | Found a faded altar of an unknown god.
  4152 | D:5      | Found an ancient bone altar of Kikubaaqudgha.
  4152 | D:5      | You fall into a shaft and drop 3 floors!
  4155 | D:8      | Noticed a green ugly thing
  4167 | D:8      | Found a flagged portal.
  4177 | D:8      | Found a blossoming altar of Fedhas.
  4206 | D:8      | Found Engoply's Book Shop.
  4222 | D:8      | Killed a green ugly thing
  4223 | D:8      | Reached skill level 10 in Maces & Flails
  4470 | D:8      | Found a stormy altar of Qazlal.
  4556 | D:6      | Reached skill level 11 in Maces & Flails
  4716 | D:6      | Reached XP level 9. HP: 77/77 MP: 8/8
  4754 | D:6      | Noticed Pikel
  4762 | D:6      | Killed Pikel
  4763 | D:6      | Reached skill level 12 in Maces & Flails
  4919 | D:6      | Identified the +10 whip of the Sugar Beet {flame, rPois
                  | rN+++ rCorr MP-9}
  4997 | D:6      | Found a staircase to the Ecumenical Temple.
  5002 | Temple   | Entered the Ecumenical Temple
  5176 | D:6      | Noticed Eustachio
  5188 | D:6      | Reached skill level 13 in Maces & Flails
  5193 | D:6      | Killed Eustachio
  5806 | D:5      | Became a worshipper of Warmaster Okawaru
  5956 | D:5      | Found a faded altar of an unknown god.
  5958 | D:5      | Found a shimmering altar of Xom.
  5960 | D:5      | Found a shadowy altar of Dithmenos.
  6135 | D:6      | Gained mutation: Your magical capacity is low. (-10% MP)
                  | [potion of mutation]
  6135 | D:6      | Gained mutation: You passively map a small area around you.
                  | [potion of mutation]
  6135 | D:6      | Gained mutation: You are agile. (Dex +4, Str/Int -1)
                  | [potion of mutation]
  6447 | D:7      | Reached skill level 14 in Maces & Flails
  6465 | D:7      | Reached * piety under Okawaru
  6475 | D:7      | Reached XP level 10. HP: 26/86 MP: 8/8
  6765 | D:7      | Found a radiant altar of Vehumet.
  7066 | D:8      | Found a transporter.
  7635 | D:9      | Reached skill level 1 in Invocations
  7773 | D:9      | Found Dusast's Book Emporium.
  8040 | D:9      | Reached skill level 15 in Maces & Flails
  8043 | D:9      | Reached ** piety under Okawaru
  8121 | D:9      | Found a sacrificial altar of Ru.
  8359 | D:10     | Entered Level 10 of the Dungeon
  8540 | D:10     | Reached *** piety under Okawaru
  8622 | D:10     | Found a staircase to the Lair.
  8686 | D:10     | Reached skill level 16 in Maces & Flails
  8695 | D:10     | Reached XP level 11. HP: 95/95 MP: 11/11
  8768 | D:10     | Reached **** piety under Okawaru
  9046 | D:10     | Noticed a two-headed ogre
  9054 | D:10     | Killed a two-headed ogre
  9309 | D:11     | Noticed a two-headed ogre
  9314 | D:11     | Killed a two-headed ogre
  9400 | D:11     | Reached ***** piety under Okawaru
  9482 | D:11     | Reached skill level 17 in Maces & Flails
  9482 | D:11     | Reached skill level 10 in Armour
  9521 | D:11     | Noticed a two-headed ogre
  9538 | D:11     | Noticed a boulder beetle
  9540 | D:11     | Killed a two-headed ogre
  9540 | D:11     | Received a gift from Okawaru
  9552 | D:11     | Killed a boulder beetle
  9710 | D:11     | Noticed a boulder beetle
  9720 | D:11     | Killed a boulder beetle
  9782 | D:11     | Noticed a green ugly thing
  9793 | D:11     | Killed a green ugly thing
  9911 | D:11     | Found a staircase to the Orcish Mines.
  9933 | Orc:1    | Entered Level 1 of the Orcish Mines
  9933 | Orc:1    | Found Deeffugua's General Store.
  9963 | Orc:1    | Noticed an orc knight
  9966 | Orc:1    | Reached skill level 5 in Invocations
 10041 | D:11     | Killed an orc knight
 10042 | D:11     | Reached skill level 10 in Fighting
 10042 | D:11     | Reached XP level 12. HP: 66/106 MP: 13/13
 10332 | Orc:2    | Entered Level 2 of the Orcish Mines
 10421 | Orc:2    | Noticed an orc warlord
 10432 | Orc:2    | Found Taigosix's Weapon Boutique.
 10735 | Orc:2    | Found a staircase to the Elven Halls.
 10794 | Orc:2    | Killed an orc warlord
 10795 | Orc:2    | Reached skill level 18 in Maces & Flails
 11238 | Orc:2    | Noticed an ogre mage
 11242 | Orc:2    | Found Xatoc's Magic Scroll Shop.
 11265 | Orc:2    | Killed an ogre mage
 11265 | Orc:2    | Received a gift from Okawaru
 11273 | Orc:2    | Found Renorupe's Distillery.
 11351 | Orc:2    | Bought a potion of ambrosia for 96 gold pieces
 11387 | Orc:2    | Found a radiant altar of Vehumet.
 11387 | Orc:2    | Noticed Erolcha
 11400 | Orc:2    | Killed Erolcha
 11400 | Orc:2    | Identified the +3 short sword of Okawaru's Regard {freeze,
                  | rC+ MP+9} (Okawaru gifted it to you on level 2 of the
                  | Orcish Mines)
 11400 | Orc:2    | Received a gift from Okawaru
 11431 | Orc:2    | Found an ancient bone altar of Kikubaaqudgha.
 11492 | Orc:2    | Found Taymmepp's Jewellery Shop.
 11499 | Orc:2    | Paralysed by an orc sorcerer for 2 turns
 11509 | Orc:2    | Reached skill level 19 in Maces & Flails
 11512 | Orc:2    | Found Mumo's Antique Weapon Boutique.
 11624 | Orc:2    | Bought a smouldering glaive for 241 gold pieces
 11624 | Orc:2    | Identified the +0 glaive "Vebigoc" {vamp, rC+ Will- SInv}
                  | (You bought it in a shop on level 2 of the Orcish Mines)
 12088 | Lair:1   | Entered Level 1 of the Lair of Beasts
 12373 | Lair:1   | You fall into a shaft and drop 1 floor!
 12430 | Lair:2   | Noticed Nergalle
 12436 | Lair:2   | Noticed Gastronok
 12443 | Lair:2   | Killed Nergalle
 12456 | Lair:2   | Killed Gastronok
 12910 | Lair:2   | Found a staircase to the Snake Pit.
 12915 | Lair:2   | Reached ****** piety under Okawaru
 12916 | Lair:2   | Reached XP level 13. HP: 84/116 MP: 15/15
 12918 | Lair:2   | Received a gift from Okawaru
 13394 | Lair:2   | Reached skill level 20 in Maces & Flails
 13806 | Lair:2   | Noticed Erica
 13814 | Lair:2   | Killed Erica
 13832 | Lair:2   | Reached skill level 1 in Evocations
 14223 | Lair:3   | Found an ancient bone altar of Kikubaaqudgha.
 14245 | Lair:3   | Received a gift from Okawaru
 14278 | Lair:3   | Found a staircase to the Shoals.
 15557 | Lair:4   | Received a gift from Okawaru
 16287 | Lair:5   | Entered Level 5 of the Lair of Beasts
 16355 | Lair:5   | Reached XP level 14. HP: 127/129 MP: 17/17
 16487 | Lair:5   | Found a staircase to the Slime Pits.
 17761 | Shoals:1 | Entered Level 1 of the Shoals
 17765 | Shoals:1 | Received a gift from Okawaru
 17773 | Shoals:1 | Noticed Kirke
 17786 | Shoals:1 | Killed Kirke
 17844 | Shoals:1 | Noticed Frances
 17864 | Shoals:1 | Killed from afar by Frances

Illustrated notes

Levels and vault maps discovered:
D:1:      grunt_arrival_crossed_arrows, layout_basic
D:2:      layout_basic, basic_altar, nicolae_eternal_life, uniq_natasha
D:3:      layout_basic, serial_shops, shop
D:4:      layout_cave_pods, grunt_temple_overflow_order_and_chaos_2
D:5:      layout_basic, chequers_temple_overflow_minitemple, okawaru_gym_becter,
          lemuel_round_altar, uniq_duvessa
D:6:      layout_basic, minmay_temple_entry_statues_pillars,
          nicolae_hexahallways, uniq_eustachio, uniq_pikel
D:7:      lemuel_ice_spiral_2, layout_rooms, vehumet_altar_wand_db,
          chequers_serial_rivers_micro_c
D:8:      layout_loops_cross, mainiacjoe_overflow_surrounded_room,
          fedhas_ov_isle_minmay, enter_bailey_3, serial_shops,
          nicolae_shop_tiny_waterfront, nicolae_diode_basic
D:9:      layout_gridville, overflow_temple_1_default, serial_shops,
          nicolae_shop_peninsula, nicolae_fountain_basement
D:10:     layout_loops_cross, hellmonk_lair_entry_icy, serial_glass,
          glass_columns_b, glass_columns_b, glass_columns_a, glass_columns_b,
          item_on_display_a
D:11:     layout_roguey, minmay_orc_entry_temple_small
Temple:   minmay_freezing_vapour_temple
Lair:1:   layout_chaotic_city, serial_rivers, chequers_serial_rivers_micro_d,
          chequers_serial_rivers_micro_b, chequers_serial_rivers_marsh,
          chequers_serial_rivers_micro_a, chequers_serial_rivers_small_b,
          chequers_serial_rivers_micro_b, minivault_23
Lair:2:   layout_regular_city, minmay_snake_entry_six_corridors, uniq_nergalle,
          uniq_erica, uniq_gastronok
Lair:3:   layout_regular_city, nicolae_shoals_entry_roost, basic_altar,
          grunt_megastairs_1, infiniplex_staircase_pool_2, lemuel_fruit_tree
Lair:4:   layout_cellular_growth, serial_bayou_shore_a, serial_bayou_shore_b
Lair:5:   minmay_lair_end_enchanted_forest, layout_gridlike, slime_entry_1,
          wad_woods_03
Shoals:1: layout_shoals, uniq_kirke, uniq_louise, uniq_frances
Orc:1:    layout_caves, basic_altar, serial_shops,
          nicolae_shop_getting_attention
Orc:2:    kennysheep_orc_mage_school, layout_caves, serial_shops,
          nicolae_diamond_shop

Skill      XL: |  1  2  3  4  5  6  7  8  9 10 11 12 13 14 |
---------------+-------------------------------------------+-----
Armour         | 4 5 6 7 9 10 11 13 | 13.8
Fighting       | 4 5 6 7 8 10 11 13 14 | 14.8
Maces & Flails | 3 4 6 7 9 11 14 16 17 19 20 | 20.1
Invocations    | 3 5 6 8 |  8.8
Evocations     | 3 4 |  4.6
Shields        | |  3.8

Action                     |  1- 3 |  4- 6 |  7- 9 | 10-12 | 13-15 || total
---------------------------+-------+-------+-------+-------+-------++-------
  Melee: Flail             |    76 |   122 |   250 |    79 |       ||   527
         Headbutt          |     8 |    15 |    44 |   115 |   131 ||   313
         Morningstar       |       |       |       |   309 |       ||   309
         Great mace        |       |       |       |   232 |   548 ||   780
         Unarmed           |       |       |       |       |     1 ||     1
 Invoke: Heroism           |       |       |       |     1 |       ||     1
    Use: Scroll            |       |     4 |     8 |     4 |     3 ||    19
         Potion            |       |       |    11 |     3 |     2 ||    16
 Armour: Scale mail        |    35 |       |       |       |       ||    35
         Ring mail         |     3 |    74 |    98 |       |       ||   175
         Plate armour      |       |       |    41 |   303 |   331 ||   675
  Dodge: Dodged            |    33 |    55 |    74 |   210 |   304 ||   676
  Block: Buckler           |    14 |       |       |       |       ||    14
         Kite shield       |     1 |    62 |    74 |   167 |       ||   304
